 Dungeon Crawl Stone Soup version 0.30-a0-1112-gfb780f5df6 (webtiles) character file.

Game seed: 1383091445177780122

156 Aneyh the Cudgeller (level 5, -9/32 HPs)
             Began as a Tengu Fighter on Apr 19, 2023.
             Mangled by a mummy (16 damage)
             ... in an ossuary.
             The game lasted 00:03:46 (2300 turns).

Aneyh the Cudgeller (Tengu Fighter)                 Turns: 2300, Time: 00:03:46

Health: -9/32      AC:  6    Str: 18    XL:     5   Next: 38%
Magic:  6/6        EV: 10    Int:  9    God:
Gold:   166        SH:  4    Dex: 13    Spells: 2/4 levels left

rFire   + . .      SeeInvis .    a - +0 flail
rCold   . . .      Faith    .    c - +0 buckler
rNeg    . . .      Spirit   .    b - +0 scale mail
rPois   +          Reflect  .    (helmet restricted)
rElec   .          Rampage  .    (no cloak)
rCorr   .                        (no gloves)
Will    .....                    (boots unavailable) Stlth
                                 (no amulet)
HPRegen 0.25/turn                j - ring of poison resistance
MPRegen 0.10/turn                q - ring of protection from fire

@: attractive, flying quickly and evasively, quick
A: beak, talons 3, nimble flight
a: no special abilities


You were in an ossuary.
You visited 1 branch of the dungeon, and saw 4 of its levels.
You also visited: Ossuary.

You collected 166 gold pieces.

Inventory:

Hand Weapons
 a - a +0 flail (weapon)
Missiles
 v - 6 poisoned darts (quivered)
Armour
 b - a +0 scale mail (worn)
 c - a +0 buckler (worn)
Jewellery
 j - a ring of poison resistance (left hand)
 q - a ring of protection from fire (right hand)
Scrolls
 f - a scroll of blinking {unknown}
 g - a scroll of enchant armour {unknown}
 i - a scroll of enchant weapon {unknown}
 k - a scroll of identify {unknown}
 o - a scroll of torment {unknown}
 p - a scroll of fear {unknown}
 r - a scroll of teleportation {unknown}
 s - a scroll of silence {unknown}
 t - a scroll of poison {unknown}
 u - a scroll of amnesia {unknown}
Potions
 d - 2 potions of might
 e - a potion of attraction
 h - a potion of haste {unknown}
 l - a potion of curing {unknown}
 m - a potion of flight {unknown}
 n - 2 potions of mutation {unknown}


   Skills:
 - Level 3.0 Fighting
 + Level 5.7 Maces & Flails
 - Level 3.2 Armour
 - Level 3.0 Shields
 * Level 1.6 Summonings


You had 2 spell levels left.
You knew the following spells:

 Your Spells              Type           Power      Damage    Failure   Level
a - Call Imp              Summ           4%         N/A       78%         2

Your spell library contained the following spells:

 Spells                   Type           Power      Damage    Failure   Level
 Magic Dart               Conj           0%         1d3       86%         1
 Mephitic Cloud           Conj/Pois/Air  0%         N/A       99%         3


Dungeon Overview and Level Annotations

Branches:
Dungeon (4/15)            Ossuary (1/1)
 Temple: D:4-7

Altars:


Innate Abilities, Weirdness & Mutations

You have a beak for a mouth.
You have claws for feet.
Your magical nature lets you fly swiftly and evasively.


Message History

The human zombie is heavily damaged.
You sock the human zombie! You claw the human zombie.
The human zombie is severely damaged.
You block the human zombie's attack.
You hit the human zombie. You claw the human zombie.
You destroy the human zombie!
You hit the mummy but do no damage. You hit the mummy.
Your kick misses the mummy.
The mummy is lightly damaged.
The mummy hits you!
You barely miss the mummy. You claw the mummy. Your peck misses the mummy.
The mummy is heavily damaged.
The mummy barely misses you.
You barely miss the mummy. You claw the mummy.
The mummy is heavily damaged.
The mummy hits you!
* * * LOW HITPOINT WARNING * * *
You thump the mummy!
The mummy is almost destroyed.
You hit the mummy but do no damage. Your peck misses the mummy.
The mummy is almost destroyed.
The mummy closely misses you.
You sock the mummy!
You destroy the mummy!
It was a potion of attraction.
You feel attractive to monsters.
You hit the mummy. You claw the mummy.
The mummy is heavily damaged.
The mummy closely misses you.
You barely miss the mummy. Your kick misses the mummy.
The mummy is heavily damaged.
You barely miss the mummy. Your kick misses the mummy.
The mummy is heavily damaged.
The mummy hits you.
* * * LOW HITPOINT WARNING * * *
You closely miss the mummy. You claw the mummy, but do no damage.
The mummy is heavily damaged.
The mummy hits you!
Ouch! That really hurt!
You die...

. ##.......## .
M.#.(.......#..
.'....⌠....M.
#......^Z.#
#.......#
#.....# #'# #M#
##@## #.∩.#
#.∩.# #####


You could see a mummy.

Vanquished Creatures
  A human zombie (Ossuary)
  4 mummies (Ossuary)
  An adder (D:2)
  A gnoll (D:1)
  2 dart slugs
  9 ball pythons
  4 bats
  4 endoplasms
  2 giant cockroaches
  4 goblins
  7 hobgoblins
  3 quokkas
  6 frilled lizards
  4 kobolds
  6 rats
58 creatures vanquished.

Notes
Turn   | Place    | Note
-------+----------+-------------------------------------------
     0 | D:1      | Aneyh the Tengu Fighter began the quest for the Orb.
     0 | D:1      | Reached XP level 1. HP: 14/14 MP: 2/2
    42 | D:1      | Reached skill level 3 in Maces & Flails
    42 | D:1      | Reached XP level 2. HP: 14/19 MP: 3/3
   311 | D:1      | Reached XP level 3. HP: 23/23 MP: 4/4
   394 | D:1      | Found a faded altar of an unknown god.
   398 | D:1      | Reached skill level 4 in Maces & Flails
  1020 | D:2      | You fall into a shaft and drop 1 floor!
  1028 | D:3      | Reached XP level 4. HP: 28/28 MP: 5/5
  1440 | D:3      | Learned a level 2 spell: Call Imp
  2194 | D:4      | Found a sand-covered staircase.
  2200 | Ossuary  | Entered an ossuary
  2228 | Ossuary  | Reached skill level 5 in Maces & Flails
  2233 | Ossuary  | Reached skill level 1 in Summonings
  2277 | Ossuary  | Gained mutation: Your magical nature lets you fly swiftly
                  | and evasively. [Tengu growth]
  2277 | Ossuary  | Reached XP level 5. HP: 20/32 MP: 6/6
  2300 | Ossuary  | Mangled by a mummy

Illustrated notes

Levels and vault maps discovered:
D:1:      dpeg_arrival_rooms_a, layout_basic, nicolae_ecumenical_snake_handling,
          minmay_statues_item
D:2:      layout_loops_cross, minmay_cut_off
D:3:      layout_basic
D:4:      cheibrodos_helix_gallery, layout_loops_ring, temple_pool_b,
          enter_ossuary_2, hangedman_abyss_or_decor_stagger,
          minmay_misc_feat_tiny, corexii_hall_statues_l
Ossuary:  ossuary_crypta

Skill      XL: |  1  2  3  4 |
---------------+-------------+-----
Maces & Flails | 3 4 5 |  5.7
Summonings     | 1 |  1.6
Fighting       | |  3.0
Armour         | |  3.2
Shields        | |  3.0

Action                     |  1- 3 |  4- 6 || total
---------------------------+-------+-------++-------
  Melee: Flail             |    57 |    56 ||   113
         Peck              |     4 |    10 ||    14
         Kick              |    11 |    20 ||    31
  Throw: Dart              |       |     3 ||     3
    Use: Potion            |       |     1 ||     1
 Armour: Scale mail        |    20 |     9 ||    29
  Dodge: Dodged            |    18 |    23 ||    41
  Block: Buckler           |    13 |     6 ||    19

Table legend: (Time is in decaauts)
 A = Elapsed time spent in this place.
 B = Non-inter-level travel time spent in this place.
 C = Inter-level travel time spent in this place.
 D = Time resting spent in this place.
 E = Time spent auto-exploring this place.
 F = Levels seen in this place.
 G = Mean time per level.
                   A        B        C        D        E       F      G
               +--------+--------+--------+--------+--------+-----+--------+
         Total |   2322 |   2246 |     76 |     37 |   1817 |   5 |  464.4 |
       Dungeon |   2217 |   2141 |     76 |      0 |   1817 |   4 |  554.2 |
       Ossuary |    104 |    104 |      0 |     37 |      0 |   1 |  104.0 |
               +--------+--------+--------+--------+--------+-----+--------+

Top non-repeatable levels by time:
     D:3: 1146 daAuts
     D:1: 796 daAuts
     D:2: 237 daAuts
 Ossuary: 104 daAuts
     D:4: 38 daAuts
